 Dungeon Crawl Stone Soup version 0.30-a0-782-ge64f9170bb (webtiles) character file.

Game seed: 14032908922328480742

62 Leeroy the Slasher (level 4, -1/23 HPs)
             Began as a Vine Stalker Warper on Feb 19, 2023.
             Slain by an orc
             ... wielding a +0 hand axe
              (2 damage)
             ... on level 3 of the Dungeon.
             The game lasted 00:01:52 (1559 turns).

Leeroy the Slasher (Vine Stalker Warper)            Turns: 1559, Time: 00:01:52

Health: -1/23      AC:  3    Str: 14    XL:     4   Next: 8%
Magic:  0/18       EV: 11    Int: 13    God:
Gold:   95         SH:  5    Dex: 15    Spells: 4/9 levels left

rFire   . . .      SeeInvis .    a - +0 falchion
rCold   . . .      Faith    .    (no shield)
rNeg    . . .      Spirit   +    b - +0 leather armour
rPois   .          Reflect  +    (no helmet)
rElec   .          Harm     .    (no cloak)
rCorr   .          Rampage  .    (no gloves)
Will    .....                    (no boots)
Stlth   +                        o - amulet of reflection
HPRegen 1.03/turn                f - ring of magical power
MPRegen 0.16/turn                (no ring)

@: no status effects
A: fangs 2, regeneration 1, magic shield, antimagic bite, no potion heal 2
a: no special abilities


You were on level 3 of the Dungeon.
You visited 1 branch of the dungeon, and saw 3 of its levels.

You collected 95 gold pieces.

Inventory:

Hand Weapons
 a - a +0 falchion (weapon)
 n - a +1 whip of electrocution
Missiles
 d - 7 boomerangs of dispersal (quivered)
 l - 3 poisoned darts
Armour
 b - a +0 leather armour (worn)
Jewellery
 f - a ring of magical power (left hand)
 o - an amulet of reflection (around neck)
Scrolls
 c - 2 scrolls of blinking
 e - 2 scrolls of identify {unknown}
 h - 2 scrolls of teleportation {unknown}
 k - 3 scrolls of poison {unknown}
 q - a scroll of fog {unknown}
Potions
 g - 3 potions of attraction {unknown}
 i - 2 potions of cancellation {unknown}
 j - a potion of flight {unknown}
 m - a potion of might {unknown}
 p - a potion of haste {unknown}
 r - a potion of curing {unknown}
 s - a potion of brilliance {unknown}
 t - a potion of magic {unknown}


   Skills:
 - Level 1.7 Fighting
 - Level 3.1 Long Blades
 - Level 0.8 Throwing
 - Level 0.7 Armour
 - Level 1.5 Dodging
 + Level 0.6 Shields
 + Level 3.0 Spellcasting
 - Level 3.0 Translocations


You had 4 spell levels left.
You knew the following spells:

 Your Spells              Type           Power      Damage    Failure   Level
a - Blink                 Tloc           18%        N/A       13%         2
b - Vhi's Electric Charg  Tloc/Air       10%        N/A       43%         3

Your spell library contained the following spells:

 Spells                   Type           Power      Damage    Failure   Level
 Lesser Beckoning         Tloc           18%        N/A       13%         2
 Teleport Other           Tloc           9%         N/A       26%         3
 Scorch                   Fire           2%         2d5       41%         2
 Manifold Assault         Tloc           9%         N/A       63%         4
 Flame Wave               Conj/Fire      1%         2d4       96%         4
 Arcjolt                  Conj/Air       0%         1d10      100%        5
 Summon Cactus Giant      Summ           0%         N/A       100%        6
 Maxwell's Capacitive Co  Air            0%         ∞         100%        8


Dungeon Overview and Level Annotations

Branches:
Dungeon (3/15)

Altars:
Nemelex Xobeh


Innate Abilities, Weirdness & Mutations

You have extremely sharp teeth.
Your natural rate of healing is unusually fast.
When hurt, damage is shared between your health and your magic reserves.
Your bite disrupts and absorbs the magic of your enemies.
Potions cannot restore your health.


Message History

The orc priest invokes the aid of Beogh against you.
Pain shoots through your body! You block the bat's attack.
You barely miss the orc priest. You bite the orc priest. You drain its power.
You feel invigorated.
The orc priest is lightly wounded.
You block the bat's attack. The orc priest hits you with a +0 club.
The bat hits you but does no damage.
The orc priest casts a cantrip, but nothing happens.
You barely miss the orc priest.
The orc priest is lightly wounded.
The orc priest mumbles some strange prayers to Beogh against you.
Pain shoots through your body!
You hit the orc priest but do no damage.
You bite the orc priest, but do no damage.
The orc priest is lightly wounded.
The bat hits you but does no damage.
The orc priest calls down the wrath of Beogh upon you.
Pain shoots through your body!
You closely miss the orc priest.
The orc priest is lightly wounded.
The bat barely misses you. You block the orc priest's attack.
You barely miss the orc priest. You bite the orc priest. You drain its power.
You feel invigorated.
The orc priest is lightly wounded.
The bat hits you but does no damage. The orc priest hits you with a +0 club.
You barely miss the orc priest. You bite the orc priest. You drain its power.
You feel invigorated.
The orc priest is moderately wounded.
The bat barely misses you.
The orc priest invokes the aid of Beogh against you.
Pain shoots through your body!
* * * LOW HITPOINT WARNING * * *
You block the orc priest's attack.
You barely miss the orc priest.
The orc priest is moderately wounded.
The bat hits you but does no damage. x3
The orc priest hits you with a +0 club.
* * * LOW HITPOINT WARNING * * *
The orc hits you with a +0 hand axe.
You die...

#. .. ##. .# ..
.###.# # ~ ##...#.#.
#.. #..#.... ..
##.###.##.##
####..........#
####.....o@......#
##....###.bo.......$.
##<.####
#...o......## #†)##
###..###.#.# #.##
#.## .# # #.#### #.#
# #....### #.#
####..g#####.#
###.g...g.#


You could see an orc priest, 2 orcs and a bat.

Vanquished Creatures
  An adder (D:2)
  4 ball pythons
  5 bats
  8 endoplasms
  3 giant cockroaches
  3 goblins
  3 hobgoblins
  3 jackals
  2 quokkas
  4 frilled lizards
  3 kobolds
  9 rats
48 creatures vanquished.

Notes
Turn   | Place    | Note
-------+----------+-------------------------------------------
     0 | D:1      | Leeroy the Vine Stalker Warper began the quest for the Orb.
     0 | D:1      | Reached XP level 1. HP: 11/11 MP: 4/4
   238 | D:1      | Reached XP level 2. HP: 15/15 MP: 6/6
   654 | D:1      | Reached XP level 3. HP: 18/18 MP: 7/7
  1135 | D:2      | Found a sparkling altar of Nemelex Xobeh.
  1307 | D:2      | Learned a level 2 spell: Blink
  1311 | D:2      | Learned a level 3 spell: Vhi's Electric Charge
  1370 | D:2      | Gained mutation: Your natural rate of healing is unusually
                  | fast. [Vine Stalker growth]
  1370 | D:2      | Reached XP level 4. HP: 11/23 MP: 6/9
  1559 | D:3      | HP: 1/23 [orc priest/+0 club (2)]
  1559 | D:3      | Slain by an orc

Illustrated notes

Levels and vault maps discovered:
D:1:      roderic_chinese_lattice_arrival, layout_basic
D:2:      layout_rooms, basic_altar, minmay_pentomino_v2
D:3:      layout_rooms, mainiacjoe_overflow_alcove_1,
          shapermc_ecumenical_altar_acropolis

Skill      XL: |  1  2  3  4 |
---------------+-------------+-----
Long Blades    | 2 3 |  3.1
Spellcasting   | 3 |  3.0
Fighting       | |  1.7
Throwing       | |  0.8
Armour         | |  0.7
Dodging        | |  1.5
Shields        | |  0.6
Translocations | |  3.0

Action                     |  1- 3 |  4- 6 || total
---------------------------+-------+-------++-------
  Melee: Falchion          |    94 |    16 ||   110
         Bite              |    26 |     5 ||    31
   Stab: Sleeping          |     1 |       ||     1
 Armour: Leather armour    |    35 |    15 ||    50
  Dodge: Dodged            |    61 |     8 ||    69
  Block: Other             |    20 |     8 ||    28

Table legend: (Time is in decaauts)
 A = Elapsed time spent in this place.
 B = Non-inter-level travel time spent in this place.
 C = Inter-level travel time spent in this place.
 D = Time resting spent in this place.
 E = Time spent auto-exploring this place.
 F = Levels seen in this place.
 G = Mean time per level.
                   A        B        C        D        E       F      G
               +--------+--------+--------+--------+--------+-----+--------+
         Total |   1576 |   1554 |     22 |    150 |   1087 |   3 |  525.3 |
       Dungeon |   1576 |   1554 |     22 |    150 |   1087 |   3 |  525.3 |
               +--------+--------+--------+--------+--------+-----+--------+

Top non-repeatable levels by time:
     D:1: 920 daAuts
     D:2: 564 daAuts
     D:3: 91 daAuts
